Workbook

Sheet Seite 1
A1: Antrag - Walderhaltungsabgabe (WEA) nach § 8 Absatz 4 LWaldG
P4: Eingangsstempel | AD4: Beantragung des Maßnahmebereiches
A5: Landesbetrieb Forst Brandenburg | AG5: Erstaufforstung
A6: - Bewilligungsbehörde - | AG6: Rekultivierung
A7: Karnzow Nr. 4 | AG7: Erhöhung ökol. Leistungsfähigkeit
AG8: Praxisanbauversuche (PAV)
A9: 16866 Kyritz | AG9: Pflege Saatgutbestand/-plantage
A12: (Antragstermine beachten)
A14: Bitte zutreffende Felder ausfüllen bzw. ankreuzen!
B18: 1 Allgemeine Angaben
B20: BNR-ZD*: | T20: Aktenzeichen: wird von der BWB vergeben
AD24: Zuständiges Finanzamt1) für die Einkommen- bzw. Körperschaftsteuerveranlagung bzw. die Erteilung der Nichtveranlagungsbescheinigung
B25: Ggf. Titel
AA28: Geschlecht
B30: Antragsteller/in Name / Unternehmensbezeichnung | AE30: divers | AH30: männl. | AK30: weibl. | AN30: keine natürliche Einzelperson
B34: Vorname / ggf. noch Unternehmensbez. | AD34: Geburtsdatum oder Gründungsdatum
B38: Geburtsname (nur bei natürlichen Personen) | AD38: Geburtsort oder Gründungsort
B42: verantwortliche/r Leiter/in, wenn von obigen | AL42: Registrier-nummer FBG
B43: Angaben abweichend (Vollmacht ist beizufügen; sie soll nicht älter als 3 Monate sein)
B45: 1.1 Anschriften
B47: Postanschrift | X47: steuerrechtlicher Unternehmens- bzw. Hauptwohnsitz1)
B51: Straße und Hausnummer | X51: Straße und Hausnummer (kein Postfach zulässig)
B55: Postleitzahl | H55: Ort | X55: Postleitzahl | AD55: Ort
B59: Ortsteil | X59: Ortsteil
B63: TelefonNr. (mit Vorwahl) | P63: ggf. Mobil-TelefonNr. | AE63: FaxNr. (mit Vorwahl)
B67: ggf. E-Mail-Adresse
B69: 1.2 Bankverbindung
B70: IBAN (International Bank Account Number):
B74: Land | E74: Prüfziff. | H74: Bankleitzahl | P74: Kontonummer | Z74: Weitere Zeichen für Bankverbindungen außerhalb Deutschlands
B78: BIC (Bank Indentifer Code) | N78: Name der Bank
B82: Name des/der Kontoinhaber/s/in
A84: 1) bei den Rechtsformen 1, 2, 13, 15, 21, 22 von Seite 2 das Finanzamt und die Anschrift des Hauptwohnsitzes angeben.
A85: * Nummer des Betriebsinhabers auf der zentralen Datenbank | AS85: Antrag WEA -Gesamt- Stand: 2026

Sheet Seite 2
A1: 1.3 Angaben zur Rechts- und Betriebsform
A4: Rechtsform: | U4: Betriebsform:
A5: 01. | C5: Einzelunternehmen im Haupterwerb Landwirtschaft | U5: 01. | W5: Marktfruchtunternehmen (pflanzlich)
A7: 02. | C7: Einzelunternehmen im Nebenerwerb Landwirtschaft | U7: 02. | W7: Futterbauunternehmen
A9: 03. | C9: Gesellschaft bürgerlichen Rechts (GbR) | U9: 03. | W9: Veredlungsunternehmen (Tiere)
A11: 04. | C11: Kommanditgesellschaft (KG) | U11: 04. | W11: Dauerkulturunternehmen
A13: 05. | C13: Offene Handelsgesellschaft (OHG) | U13: 05. | W13: Gemischtunternehmen (pflanzl./ tierisch)
A15: 06. | C15: Eingetragene Genossenschaft (e.G.) | U15: 06. | W15: Gemüsebauunternehmen
A17: 07. | C17: Gesellschaft mit beschr. Haftung (GmbH) | U17: 07. | W17: Zierpflanzenunternehmen
A19: 08. | C19: GmbH & Co. KG | U19: 08. | W19: Baumschule
A21: 09. | C21: Aktiengesellschaft (AG) | U21: 09. | W21: Gartenbauliches Gemischtunternehmen
A23: 10. | C23: Körperschaft des öffentlichen Rechts | U23: 10. | W23: Forstwirtschaftliches Unternehmen
A25: 11. | C25: Sonstige juristische Person | U25: 11. | W25: Land-/ Forstwirtschaftl. Lohnunternehmen
A27: 12. | C27: Kirche/Religiöse Einrichtung | U27: 12. | W27: Schäfer/in
... A35: 16. | C35: Eingetragener Verein | U35: 16. | W35: Sonstige
A37: 17. | C37: Nichtrechtsfähiger Verein
A39: 18. | C39: Privatrechtliche Stiftung
A41: 19. | C41: Anstalt des öffentlichen Rechts
A43: 20. | C43: Kirchen des öffentlichen Rechts
A45: 21. | C45: Eheleute
A47: 22. | C47: Eheähnliche Gemeinschaft
A49: 23. | C49: Unternehmergesellschaft (haftungsbeschränkt)
A51: 24. | C51: UG (haftungsbeschränkt) & CO KG | W51: ökologische Bewirtschaftung
A53: Es ist jeweils genau eine Rechtsform und eine Betriebsform auszuwählen!
A55: 1.4 Ggf. Vertretungsbefugter des Antragstellers (z.B. Bevollmächtigter)
B58: Achtung: | F58: Eine Eintragung an dieser Stelle bewirkt, dass jeglicher Schriftverkehr zu Ihren Anträgen ausschließlich über diesen Vertretungsbefugten geführt wird!
B61: (Vollmacht ist beizufügen gemäß Punkt 5 Beizufügende Anlagen/Informationen)
B65: Name, Vorname; ggf. Unternehmensbezeichnung
B69: ggf. noch Unternehmensbezeichnung
B71: Postanschrift | U71: Kommunikationsverbindungen
C75: Straße und Hausnummer (kein Postfach zulässig) | V75: Tel.Nr. (mit Vorwahl) | AE75: FaxNr. (mit Vorwahl)
C79: Postleitzahl | I79: Ort | V79: ggf. Mobil-TelefonNr.
C83: Ortsteil | V83: ggf. e-mail-Adresse
A86: Bei GbR und juristischen Personen ist zusätzlich die Seite 4 auszufüllen.
AN87: ='Seite 1'!AS85 -> Antrag WEA -Gesamt- Stand: 2026

Sheet Seite 3
A2: 1.5 | C2: Bei dem Antragsteller handelt es sich um ein großes Unternehmen. (Unternehmen, die mehr als 250 Personen beschäftigen und die entweder einen Jahresumsatz von mehr als 50 Mio. Euro erzielen oder deren Jahresbilanzsumme sich auf mehr als 43 Mio. Euro beläuft.)
C6: Hinweis: | H6: Kommunen werden als großes Unternehmen angesehen. (EU-VO Nr. 702/2014 Anhang I Artikel 3 Abs. 4)
H9: ja | K9: Wenn ja, ist der Pkt. 1.5.1 auszufüllen.
H11: nein
A14: 1.5.1 Darstellung der kontrafaktischen Fallkonstellation für große Unternehmen gemäß Ziffer 1.5*
A17: Nach Randnummer 66 der Rahmenregelung der Europäischen Union für staatliche Beihilfen im Agrar- und Forstsektor und in ländlichen Gebieten 2014 - 2020 (2014/C 204/01) können Beihilfen im Agrar- und Forstsektor und in ländlichen Gebieten nur dann als mit dem Binnenmarkt vereinbar angesehen werden, wenn sie einen Anreizeffekt haben. Ein Anreizeffekt liegt vor, wenn die Beihilfe das Verhalten eines Unternehmens dahingehend ändert, dass es durch zusätzliche Tätigkeiten, die es ohne die Beihilfe entweder nicht, nur in geringerem Umfang oder auf andere Weise ausüben würde, einen Beitrag zur Entwicklung des Sektors leistet. Große Unternehmen müssen gem. Randnummer 72 o.g. EU-Rahmenregel in ihrem Antrag die Situation beschreiben, die ohne Beihilfe bestehen würde (sog. kontrafaktische Fallkonstellation). Darüber hinaus müssen die Antragsteller ihre im Anhang vorgenommenen Ausführungen zur kontrafaktischen Fallkonstellation durch Nachweise untermauern: Es muss ersichtlich sein, dass die Förderung den beabsichtigten Anreizeffekt hat und ohne Förderung das Vorhaben nicht oder nicht in dem Umfang stattfinden könnte.
A51: * Zur Abgrenzung großer Unternehmen von kleinen und mittelständischen Unternehmen (KMU) siehe "Benutzerleitfaden zur Definition von KMU" im Internet.
AN57: ='Seite 1'!AS85 -> Antrag WEA -Gesamt- Stand: 2026

Sheet Seite 4
A1: 1.6 Verzeichnis der GbR-Gesellschafter bzw. der Gesellschafter, die Anteile am Unternehmen halten; der Mitglieder von Erbengemeinschaften; (Ehe-)Partner bzw. eheähnl. Gemeinschaft* und andere juristische Personen*
A4: Lfd. | C4: Name | P4: Vorname | Y4: geb. am | AD4: Straße/Hausnummer | AQ4: PLZ | AU4: Ort | BG4: Anteil
A5: Nr. | BG5: in %
A6: 1 | C6: 2 | P6: 3 | Y6: 4 | AD6: 5 | AQ6: 6 | AU6: 7 | BG6: 8
A7: 1
A8: 2
A9: 3
A10: 4
A11: 5
A12: 6
A13: 7
A14: 8
A16: Lfd. | C16: Befugnis zur Geschäftsführung laut Vertrag | AF16: Bestätigung der Befugnis zur Geschäftsführung
A17: Nr. | C17: Name, Vorname | Q17: Unterschrift | AF17: Name, Vorname | AU17: Unterschrift
C18: 9 | Q18: 10 | AF18: 11 | AU18: 12
A19: 1
A20: 2
A21: 3
A22: 4
A23: 5
A24: 6
A25: 7
A26: 8
A27: * nicht Zutreffendes streichen | AC27: ='Seite 1'!AS85 -> Antrag WEA -Gesamt- Stand: 2026

Sheet Seite 5
A1: 2 Maßnahme
A2: 2.1 Standort der Maßnahme: | AH2: ggf. Übertrag:
A3: Projekt-Nr. | C3: a) | E3: Landkreis | N3: Gemeinde | Y3: Gemarkung | AH3: Flur | AJ3: Flurstück Zähler/Nenner | AN3: Fläche des Flurstücks lt. Kataster ha | AS3: Fläche beantragt ha 1) | AX3: Name, Vorname des Eigentümers
AX4: des Eigentümers
AX5: Eigentumsform (Auswahlbox)
C6: b) | E6: Forstamt | N6: Revier | Y6: Wald-gebiet2) | AC6: Abt. | AG6: UA | AJ6: TF | AL6: ZL | AY6: E | AZ6: = | BB6: Eigentum
AY7: P | AZ7: = | BB7: Pacht
AY8: N | AZ8: = | BB8: Nießbrauch
C9: a)
C10: b)
C11: a)
C12: b)
C13: a)
C14: b)
C15: a)
C16: b)
C17: a)
C18: b)
C19: a)
C20: b)
... C24: b)
A25: Flächensumme oder ggf. Übertrag: | AN25: =IF(OR(AN2>0,AN9>0,AN10>0,AN11>0,AN12>0,AN13>0,AN14>0,AN15>0,AN16>0,AN17,AN18>0,AN19>0,AN20>0,AN21>0,AN22>0,AN23>0,AN24>0),ROUND(SUM(AN9:AN24,AN2),4),"") | AS25: =IF(OR(AS2>0,AS9>0,AS10>0,AS11>0,AS12>0,AS13>0,AS14>0,AS15>0,AS16>0,AS17,AS18>0,AS19>0,AS20>0,AS21>0,AS22>0,AS23>0,AS24>0),ROUND(SUM(AS9:AS24,AS2),4),"")
A26: Durchführungszeitraum der Gesamtmaßnahme (Monat/Jahr) von - bis:
A28: Antrag auf vorzeitigen Maßnahmebeginn (VZM): | AH28: wenn ja, Beginn VZM (Datum):
A30: 1) Fläche darf nicht größer als Katasterfläche sein, ggf. abrunden | AP30: ='Seite 1'!AS85 -> Antrag WEA -Gesamt- Stand: 2026
A31: 2) Siehe Geoportal Forst Brandenburg

Sheet Seite 6
A1: 2.2 Angaben zur Maßnahme
A4: Projekt-Nr. (Sp. 1 auf Seite 5)
A8: auf Projekt bezogene Größe in ha:
A11: Nennung des Schutzstatus:1)
A14: Nennung der Bbg. Naturlandschaft: 2) (Abk.)
A17: Angaben bei Beantragung nach I.2.1 (Erstaufforstung) und III.2.2 (Verbesserung der Schutz- und Erholungsfunktion)3):
A20: vorhandene Baumart:
A23: Alter:
A26: Nährkraft- u. Wasserhaushaltsstufe:
A29: Klimastufe:
A32: Überschirmung / Bestockungsgrad:
A34: Fläche bzw. Flächenanteil bei mehreren Baumarten o. Flächen:
... A89: 3) Angaben sind durch den zuständigen Revierförster z.B. im Beratungsvermerk (bei 2-maliger Kulturpflege) zu bestätigen.
AN92: ='Seite 1'!AS85 -> Antrag WEA -Gesamt- Stand: 2026

Sheet Seite 7
A1: 3 Finanzierungsplan 3.1 Zuwendungsherleitung und Projektbeschreibung
B5: Pro-jekt-Nr. | E5: RL Nr. | I5: Maßnahme (z.B.: Naturverjüngung, Pflanzung Laubholz usw.) | V5: Fläche der Maßnahme1) | AD5: BMT2) (wenn zutreffend)
B13: Ein-zelv. Nr. | E13: Einzelmaßnahme (bezogen auf die oben stehende Maßnahme) | V13: Menge1) | AA13: ME (T-Stück, ha usw.) | AE13: Summe in € lt. Angebot | AJ13: Durch-führung bis:
B34: 1) bei Flächenangaben max. 2 Nachkommastellen, ggf. abrunden 2) Baumartenmischungstabelle | AE34: =SUM(AE16,AE19,AE22,AE25,AE28,AE31) -> 0 | AJ34: Summe
B38: zu beantragende förderfähige Kosten bezogen auf die Maßnahme | AE38: =AE34 -> 0
B42: Laut WEA-RL Nr. I Erstaufforstung wird der Zaunbau nicht gefördert, wenn Sie auf der beantragte/n Fläche/n über einen Eigenjagdbezirk verfügen oder diesen verpachtet haben. Liegt die beantragte/n Fläche/n in Ihrem Eigenjagdbezirk/en?
A48: 3.2 Detaillierte Projektbeschreibung zu 3.1
A50: Stück | E50: Baum- oder Strauchart und Sorte | U50: Stück | Y50: Baum- oder Strauchart und Sorte
A57: Zaunbaufläche (ha) | M57: Waldrandbreite (m) | U57: Waldrandlänge (m)
A60: Beschreibung der beantragten Maßnahme:
A64: * Hinweise zur Erläuterung und Fundquellen finden Sie im Internet www.mleuv-brandenburg.de
AN65: ='Seite 1'!AS85 -> Antrag WEA -Gesamt- Stand: 2026

Sheet Seite 8
A1: 3.3 Auswertung der Angebote | AS1: Ende der Angebotsfrist:
A5: Angebot der Firma Kostenherleitung2) | L5: Angebot vom: | Q5: Postein-gang am: | V5: Los-Nr. | AA5: Beschreibung der Lieferung/Leistung | AN5: Buttobetrag (inkl. Mwst.) | AS5: Skonto / Rabatt | AW5: Bruttobetrag1) ohne Skonto/Rab. | BD5: Vorschlag wirtsch. Ang.
V8: Angebot-Nr. | AA8: Bemerkung zum Angebot | AN8: € | AS8: € | AW8: €
AA9: Beschreibung der Lieferung/Leistung beifügen
V10: Los:
AA12: Bemerkung zum Angebot:
V13: Ang.: | Z13: /1
AA15: Bemerkung zum Angebot:
V16: Ang.: | Z16: /2
AA18: Bemerkung zum Angebot:
V19: Ang.: | Z19: /3
AA21: Bemerkung zum Angebot:
V22: Ang.: | Z22: /4
AA24: Bemerkung zum Angebot:
V25: Ang.: | Z25: /5
AA27: Beschreibung der Lieferung/Leistung beifügen
V28: Los:
AA30: Bemerkung zum Angebot:
V31: Ang.: | Z31: /1
AA33: Bemerkung zum Angebot:
V34: Ang.: | Z34: /2
AA36: Bemerkung zum Angebot:
V37: Ang.: | Z37: /3
AA39: Bemerkung zum Angebot:
V40: Ang.: | Z40: /4
AA42: Bemerkung zum Angebot:
V43: Ang.: | Z43: /5
A46: Begründung zur Auswahlentscheidung zum wirtschaftlichsten Angebot (Kriterien: Preis; Qualität; Fristerfüllung; fachl. Kompetenz)
A47: zu Los/Ang.-Nr.:
H48: /
A50: zu Los/Ang.-Nr.:
H51: /
A53: 1) Bei der Berechtigung zum Vorsteuerabzug sind hier die Nettokosten abzüglich des angebotenen Skonto/Rabatt einzutragen!
A54: 2) Private Antragsteller müssen ab 2.500 € netto bis 100.000 € netto Auftragswert mindestens 3 Angebote einholen. Ab 100.000 € netto Auftragswert ist gem. ANBest-P/G das öffentl. Vergaberecht anzuwenden. Für die Beantragung öffentllicher Antragsteller ist eine Kostenherleitung (z.B. Marktanalyse) hinreichend,
A56: da diese an die Einhaltung der Vergabevorschriften gebunden sind und erst nach Bewilligung die Ausschreibung veranlassen dürfen. | BI56: ='Seite 1'!AS85 -> Antrag WEA -Gesamt- Stand: 2026

Sheet Seite 9
A1: 3.4 Finanzierungsplan 3.4.1 Detaillierter Finanzierungsplan
A7: Nr. | C7: Maßnahme / Teilmaßnahme:
A10: 1 | C10: wirtschaftlichstes Angebot der Firma/Kostenherleitung
C12: (Übertrag von Seite 6/ | P12: ):
A15: 2 | C15: Los*/Angebots- Nr.:
S16: / | Y16: / | AE16: /
A19: 3 | C19: Nr. der Verwaltungsvorschrift:
A21: 4 | C21: Projektnummer: | AI21: Summe
A23: 5 | C23: Gesamtkosten: (Bruttobetrag inkl. MwSt.) | AI23: =IF(Q23>0,ROUNDDOWN(SUM(Q23:AC23),2),"")
A26: 6 | C26: förderfähige Kosten1) (Brutto-/ Nettobetrag abzgl. Skonto/Rabatt): | AI26: =IF(OR(Q26>0,W26>0,AC26>0),ROUNDDOWN(SUM(Q26:AC26),2),"")
A30: 7 | C30: Fördersatz (%):
A32: 8 | C32: errechnete Zuwendung (Zeile 6 x Zeile 7)*: | Q32: =IF(Q26>0,ROUND(Q26*(Q30/100),2),IF(Q26>0,ROUND(Q26*(Q30/100),2),"")) | W32: =IF(W26>0,ROUND(W26*(W30/100),2),IF(W26>0,ROUND(W26*(W30/100),2),"")) | AC32: =IF(AC26>0,ROUND(AC26*(AC30/100),2),IF(AC26>0,ROUND(AC26*(AC30/100),2),"")) | AI32: =IF(OR(Q23>0,W23>0,AC23>0),ROUNDDOWN(SUM(Q32:AC32),2),"")
A35: 9 | C35: Eigenanteil (Zeile 5 - Zeile 8): | Q35: =IF(Q23>0,ROUND(SUM(VALUE(Q23)-VALUE(Q32)),2),"") | W35: =IF(W23>0,ROUND(SUM(VALUE(W23)-VALUE(W32)),2),"") | AC35: =IF(AC23>0,ROUND(SUM(VALUE(AC23)-VALUE(AC32)),2),"") | AI35: =IF(OR(Q23>0,W23>0,AC23>0),ROUNDDOWN(SUM(Q35:AC35),2),"")
A38: 10 | C38: Kredit:
A40: 11 | C40: Leistungen Dritter (ohne öffentl. Förderung):
A43: 12 | C43: Beantragte/bewilligte öffentliche Förderung2) (ohne Nr. 13): | AI43: =IF(Q43>0,ROUNDDOWN(SUM(Q43:AC45),2),"")
A46: 13 | C46: errechnete Zuwendung (Übertrag Zeile 8): | Q46: =IF(Q32>0,Q32,"") | W46: =IF(W32>0,W32,"") | AC46: =IF(AC32>0,AC32,"") | AI46: =IF(Q23>0,ROUNDDOWN(SUM(Q46:AC46),2),"")
A51: 3.4.2 Detaillierte Projektbeschreibung zu 3.4.1
A66: 1) Bei der Berechtigung zum Vorsteuerabzug sind hier die Nettokosten abzüglich des angebotenen Skonto/Rabatt einzutragen!
A67: 2) Die Höhe der Beantragung bzw. Bewilligung, der Name der Behörde und der Name des Antragstellers sind auf einem separaten Blatt zu benennen. 3) Zuwendungshöchstbetrag gemäß Nr. III.5.5.1 der MLUL-Forst-RL beachten (ggf. Kappung)
A69: * jedes Los kann nur einmal zur Berechnung verwandt werden
AN70: ='Seite 1'!AS85 -> Antrag WEA -Gesamt- Stand: 2026

Sheet Seite 10
B2: 3.5 Gesamtfinanzierungsplan
T5: Zeitpunkt der vorraussichtlichen Fälligkeit (Kassenwirksamkeit)
T9: Jahr | X9: 20 | AC9: Jahr | AG9: 20
T12: in Euro
B13: 1 | E13: 2 | T13: 3 | AC13: 4
B14: 3.5.1 | E14: Gesamtkosten (bei bereits vorliegendem Angebot)
B17: 3.5.2 | E17: Eigenanteil (bei bereits vorliegendem Angebot)
B20: 3.5.3 | E20: Leistungen Dritter (ohne öffenliche Förderung)
B23: 3.5.4 | E23: beantragte/bewilligte öffentliche Förderung (ohne Nr. 3.3.5)
B26: 3.5.5 | E26: beantragte Zuwendung (Summe/n Seite 6 und ggf. 8)
B31: 4 Begründung
B33: 4.1 Notwendigkeit der Maßnahme (u.a. Standort, Konzeption, Ziel, Zusammenhang mit anderen Maßnahmen, Maßnahmen desselben Aufgabenbereiches in vorhergehenden oder folgenden Jahren, alternative Möglichkeiten, Nutzen)
B44: 4.2 Notwendigkeit der Förderung und Finanzierung (u.a. Eigenmittel, Förderhöhe, Landesinteresse an der Maßnahme, alternative Förderungs- und Finanzierungsmöglichkeiten)
B56: 4.3 Finanz- und haushaltswirtschaftliche Auswirkungen (Tragbarkeit der Folgelasten für den Antragsteller, Finanzlage des Antragstellers, Angaben des vorgesehenen Vergabeverfahrens usw.) Landesinteresse an der Maßnahme, alternative Förderungs- und Finanzierungsmöglichkeiten)
AN68: ='Seite 1'!AS85 -> Antrag WEA -Gesamt- Stand: 2026

Sheet Seite 11
A1: 4.4 Mit der Förderung beabsichtigte Ziele (Indikatoren)
A5: Indikatorenbezeichnung | Z5: Menge | AH5: Mengeneinheit
A8: Allgemein (Pflichtangaben)
A10: Waldbesitzer - privat | AH10: ja/nein
A12: Waldbesitzer - öffentlich | AH12: ja/nein
A14: Waldbesitzer - forstwirtschaftliche Zusammenschlüsse | AH14: ja/nein
A16: Größe Waldbesitz im Land Bbg. - privat - Fläche | AH16: ha
A17: Größe Waldbesitz im Land Bbg. - öffentlich - Fläche | AH17: ha
A18: Größe FBG - Fläche | AH18: ha
A19: Maßnahmebereich I bis VI (wenn zutreffend ausfüllen)
A21: Erstaufforstungsfläche - insgesamt | AH21: ha
A22: Erstaufforstungsfläche - insgesamt - Zuwendung | AH22: €
A23: Rekultivierungsfläche - insgesamt | AH23: ha
A24: Rekultivierungsfläche - insgesamt - Zuwendung | AH24: €
A25: Anbauempfehlungsfläche | AH25: ha
A27: Anbauempfehlung | AH27: Anzahl
A29: Naturverjüngungsfläche | AH29: ha
A30: Pflanzung Lbh | W30: ha | AH30: Stück | AK30: Stück
A32: trupp-, gruppen-, horstweise Lbh | W32: ha | AH32: Stück | AK32: Stück
A34: Saat Lbh | W34: ha | AH34: kg
A36: Pflanzung Weißtanne/Eibe | W36: ha | AH36: Stück
A37: Nachbesserung/Ergänzung - Pflanzen | AH37: Zahl
A39: Nachbesserung/Ergänzung - Fläche | AH39: ha
A41: Zaunbau - Länge | AH41: m
A43: Zaunbau - Fläche | AH43: ha
A45: Waldrandgestaltung | W45: ha | AH45: m
A47: Nachbesserung durch Saat - Fläche | AH47: ha
A49: Kulturpflege - Fläche | AH49: ha
A51: Jungbestandspflege - Fläche | AH51: ha
A53: Anlage Praxisanbauversuch - Fläche | AH53: ha
A55: Anlage Praxisanbauversuch - Zuwendung | AH55: €
A57: Pflege von Saatgutbeständen - Fläche | AH57: ha
A59: Pflege von Saatgutbeständen - Zuwendung | AH59: €
A61: Pflege von Saatgutplantagen - Fläche | AH61: ha
A63: Pflege von Saatgutplantagen - Zuwendung | AH63: €
A65: Maßnahmen zur Erhöhung der ökolog. Leistungsfähigkeit - Anzahl | AH65: Zahl
AN75: ='Seite 1'!AS85 -> Antrag WEA -Gesamt- Stand: 2026

Sheet Seite 12
A1: 5 Beizufügende Anlagen/Informationen
A4: verbindlich
A6: 5.1 | D6: Für jedes Projekt die Darstellung der beantragten Fläche/n mit den Flurstücken in einer Karte. Erkennbar müssen die forstlichen Flurstücks- und Projektgrenzen sein sowie die Flurstücksnummeration.
A11: 5.2 | D11: Bei privaten Antragstellern: Angebotsübersicht und Kostenangebote als Nachweis für kalkulierte Maßnahmekosten (mindestens 3 Angebote inkl. Leistungsbeschreibung) ab 2.500 € bis 100.000 € netto Auftragswert, darüber hinaus gilt die ANBest-P mit öffentl. Vergaberecht und bei öffentlichen Antragstellern: Kostenherleitung für Maßnahmen inkl Leistungsbeschreibung
A12: wenn zutreffend, ist grundsätzlich jedem Antrag beizulegen
A14: 5.3 | D14: bei Pachtflächen der Pachtvertrag und die Einverständniserklärung des Eigentümers zum beantragten Vorhaben
A17: 5.4 | D17: Vollmacht bei mehreren Eigentümern (Erbengemeinschaft,GbR usw., vgl. 1.6)
A19: 5.5 | D19: Namen und Adressen aller Gesellschaftler bei Personengesellschaften z.B. GbR, bzw. Namen und Adressen der Mitglieder von Erbengemeinschaften, vgl. 1.6
A22: 5.6 | D22: Bei Gesellschaften der Nummern 04. - 09., 23., 24. (gemäß Punkt 1.3, Seite 2 des Antrages) ein aktueller Registerauszug aus dem Handels- bzw. Unternehmensregister, gem. § 125a HGB. Zu beachten die Anlage "Erklärung der Gesellschafter".
A26: 5.7 | D26: bei Beantragungen durch Forstwirtschaftliche Zusammenschlüsse, eine Vollmacht, sofern die Beantragung nicht durch den Vorsitzenden erfolgt
A29: 5.8 | D29: Vollmacht, sofern die Beantragung durch den Vertretungsberechtigten erfolgt
A31: 5.9 | D31: bei Pflanzmaßnahmen/Saat eine kartenmäßige Darstellung zur geplanten flächenmäßigen und artspezifischen Pflanzen-/Saatverteilung
A34: 5.10. | D34: Votum LFE für Praxisanbauversuch(e)
A36: 5.11 | D36: Votum Landesstelle für forstliches Vermehrungsgut des LFB (Pflege von Saatgutbeständen und Saatgutplantagen)
A39: 5.12 | D39: Stellungnahme der zuständigen Forstdienststelle bei Beantragungen von Nachbesserungen, Ergänzung, Jungbestandspflege, Verbesserung der Waldfunktionen
A42: 5.13 | D42: Vorlage aller notwendigen öffentlich-rechtlichen Genehmigungen, insbesondere einer Erstaufforstungsgenehmigung gem. § 9 LWaldG des Landes Brandenburg für die/alle auf Seite 4 genannte/n Fläche/n
A43: 5.14 | D43: sofern im Rahmen der Erteilung der/die Erstaufforstungsgenehmigung/en eine Umweltverträglichkeitsprüfung durchgeführt wurde, den Abschlussbericht
... A45: 5.16 | D45: Wenn eine Kommune einen Fördersatz von mehr als 60 % beantragen möchte, dann ist ein Nachweis notwendig, dass die Eigenmittel von 40 % zu einer finanziellen Notlage führen würden. Der Nachweis ist duch einen Dritten (z.B. Rechnungsprüfungsamt, Steuerberater usw.) zu bestätigen.
A46: freiwillig
A47: 5.17 | D47: Eigentumsnachweis (Grundbuchauszug) bzw. Nachweis des uneingeschränkten Verfügungsrechts (Verträge, Schenkungsurkunden usw.) - Die Bewilligungsbehörde behält sich vor, den Eigentumsnachweis bei Unklarheiten und Verdachtsfällen nachzufordern.
A52: 5.18 | D52: aktueller Beratungsvermerk
A54: 5.19 | D54: Sonstiges
AN62: ='Seite 1'!AS85 -> Antrag WEA -Gesamt- Stand: 2026

Sheet Seite 13
B31: Fördermittel in Höhe von: | W31: €
B33: Jahresangabe:
B35: Fördermittelgeber:
B52: Ort, Datum | O52: Name | X52: Unterschrift
O53: des/der Antragsteller/s/in oder des/der Vertretungsbefugten
A56: ='Seite 1'!AS85 -> Antrag WEA -Gesamt- Stand: 2026
